 Dungeon Crawl Stone Soup version 0.27.1-15-g792fb953b9 (webtiles) character file.

Game seed: 10176505066452436643

4187 zeram the Slicer (level 10, -2/94 HPs)
             Began as an Octopode Brigand on Nov 19, 2021.
             Was an Initiate of Gozag.
             Killed from afar by Maurice (6 damage)
             ... with a bolt of acid
             ... on level 8 of the Dungeon.
             The game lasted 00:16:18 (10070 turns).

zeram the Slicer (Octopode Brigand)                Turns: 10070, Time: 00:16:18

Health: -2/94      AC: 25    Str: 11    XL:     10   Next: 29%
Magic:  0/10       EV:  2    Int: 16    God:    Gozag
Gold:   733        SH: 15    Dex: 14    Spells: 4/9 levels left

rFire    . . .     SeeInvis .   h - +2 short sword (venom)
rCold    . . .     Faith    .   y - +0 kite shield
rNeg     + + +     Spirit   +   (helmet currently unavailable)
rPois    +         Reflect  .   m - brooch of Shielding {Spirit SH+8}
rElec    .         Harm     .   g - ring of resist corrosion
rCorr    +         Rampage  .   n - +4 ring of slaying
Will     .....     NoTele   +   o - +4 ring of protection
Stlth    +++.......             (no ring)
HPRegen  0.25/turn              (no ring)
MPRegen  0.12/turn              (no ring)
                                (no ring)
                                (no ring)

@: mighty, brilliant, tree-form, corroded, gold aura
A: stationary, stasis, torment immunity, boosted hp, almost no armour,
(amphibious), 8 rings, (camouflage 1), (gelatinous body 1), (nimble swimmer 1),
(tentacles)
a: Renounce Religion, Potion Petition, Call Merchant, Bribe Branch


You were on level 8 of the Dungeon.
You worshipped Gozag.
Gozag was pleased with you.
You were a tree.
You visited 2 branches of the dungeon, and saw 9 of its levels.

You collected 795 gold pieces.
You paid 62 gold pieces to Gozag.

Inventory:

Hand Weapons
 a - a +4 dagger
 h - a +2 short sword of venom (weapon)
Missiles
 b - 56 poisoned darts (quivered)
 c - 2 curare-tipped darts
 d - a throwing net
Armour
 y - a +0 kite shield (worn)
Jewellery
 g - a ring of resist corrosion (left branch)
 m - the brooch of Shielding (around neck) {Spirit SH+8}
   (You found it on level 6 of the Dungeon)

   [amulet of guardian spirit]

   It causes incoming damage to be divided between your reserves of health and
   magic.
   SH:        It affects your SH (+8).
 n - a +4 ring of slaying (right branch)
 o - a +4 ring of protection (on tentacle)
 q - an amulet of magic regeneration
 r - a ring of fire
Wands
 i - a wand of flame (6)
 k - a wand of charming (5)
 l - a wand of mindburst (37)
Scrolls
 e - 2 scrolls of magic mapping
 f - a scroll of amnesia
 p - 2 scrolls of teleportation
 s - a scroll of identify


   Skills:
 - Level 4.1 Fighting
 + Level 11.1 Short Blades
 - Level 2.0 Throwing
 + Level 7.9 Dodging
 - Level 7.2 Stealth
 + Level 1.7 Shields


You had 4 spell levels left.
You knew the following spells:

 Your Spells              Type           Power      Damage    Failure   Level
a - Passwall              Tmut/Erth      0%         N/A       91%         2
b - Swiftness             Air            0%         N/A       99%         3

Your spell library contained the following spells:

 Spells                   Type           Power      Damage    Failure   Level
 Corona                   Hex            0%         N/A       80%         1
 Corpse Rot               Necr/Air       N/A        N/A       91%         2
 Ensorcelled Hibernation  Hex/Ice        0%         N/A       91%         2
 Poisonous Vapours        Pois/Air       0%         N/A       91%         2
 Gell's Gravitas          Tloc           0%         N/A       99%         3
 Lesser Beckoning         Tloc           0%         N/A       99%         3
 Teleport Other           Tloc           0%         N/A       99%         3
 Tukima's Dance           Hex            0%         N/A       99%         3
 Animate Dead             Necr           0%         N/A       100%        4
 Hailstorm                Conj/Ice       0%         3d3       100%        4
 Ice Form                 Ice/Tmut       0%         N/A       100%        4
 Freezing Cloud           Conj/Ice/Air   0%         6-21      100%        5
 Invisibility             Hex            0%         N/A       100%        6
 Simulacrum               Ice/Necr       0%         N/A       100%        6
 Haunt                    Necr/Summ      0%         N/A       100%        7
 Infestation              Necr           0%         N/A       100%        8


Dungeon Overview and Level Annotations

Branches:
Dungeon (8/15)             Temple (1/1) D:5
   Lair: D:8-11

Altars:
Ashenzari
Dithmenos
Elyvilon
Fedhas
Gozag
Hepliaklqana
Kikubaaqudgha
Makhleb
Nemelex Xobeh
Okawaru
Qazlal
Ru
Sif Muna
Trog
Uskayaw
Vehumet
Wu Jian
Xom
Yredelemnul
Zin
The Shining One

Shops:
D:8 :?

Annotations:
D:8 Maurice


Innate Abilities, Weirdness & Mutations

You are a tree.
Your roots penetrate the ground, keeping you stationary.
You cannot be teleported.
You are immune to unholy pain and torment.
Your maximum health is greatly increased.
You cannot wear most types of armour.
((You are amphibious.))
You can wear up to eight rings at the same time.
((Your skin changes colour to match your surroundings (Stealth+).))
((Your rubbery body absorbs attacks. (AC +1, EV +1)))
((You are camouflaged near water. (Stealth+)))
((You have tentacles for arms and can constrict up to eight enemies at once.))


Message History

Casting: Passwall (dangerous; 91% risk of failure)
Confirm with . or Enter, or press ? or * to list all spells.
Okay, then.
Maurice zaps a wand.
The bolt of acid hits you. You resist.
* * * LOW HITPOINT WARNING * * *
The acid corrodes you!
You are splashed with acid.
You resist.
* * * LOW HITPOINT WARNING * * *
Unknown command.
Maurice is distracted by your dazzling golden aura.
Unknown command.
Unknown command.
Maurice is no longer distracted by gold.
Maurice gestures wildly while chanting.
Maurice puts on a burst of speed!
Unknown command.
Maurice is distracted by your dazzling golden aura.
Unknown command.
Unknown command.
Maurice is no longer distracted by gold.
Maurice mumbles some strange words.
Maurice blinks!
Unknown command.
Unknown command.
Maurice zaps a wand.
The bolt of acid hits you! You resist.
* * * LOW HITPOINT WARNING * * *
You are splashed with acid!
You resist.
* * * LOW HITPOINT WARNING * * *
Unknown command.
You aren't carrying any potions.
As you read the scroll labelled RUTID DEISASIU, it crumbles to dust.
You feel a surge of unholy energy.
Maurice convulses!
It was a scroll of torment.
Maurice gestures wildly while chanting.
Maurice blinks!
Unknown command.
Unknown command.
Unknown command.
Maurice zaps a wand.
The bolt of acid hits you! You resist.
You die...
Your body crumbles into a pile of gold.

#..##.##..###........#........
#..#
...##.D###................
#..#
.#.#.##..##...############.
..# ..#.#..##..#... .... #. .#
.# #.# ##.#.. ####### #. .# #.
#.#.. #.#. #$# .#. ###.#.#.
#$###.#.#. .∩#.#.#. #.♣...#
.##.#.#. #...#.# #.#. #......
# #. ##.....# #. #...#.#
#####. ..@##.. ....... .... ##
......( $ ..... #......
#...##.


You could see Maurice (swift).

Vanquished Creatures
  Pikel (D:5)
  Prince Ribbit (D:5)
  Grinder (D:6)
  A hornet (D:8)
  Sigmund (D:3)
  A steam dragon (D:8)
  Duvessa (D:5)
  2 orc warriors
  A water moccasin (D:7)
  2 black bears (D:5)
  2 sky beasts (D:6)
  An ogre (D:6)
  A centaur (D:7)
  A phantom (D:5)
  A kobold brigand (D:5)
  2 bullfrogs
  A scorpion (D:6)
  A wyvern zombie (D:7)
  Dowan (D:5)
  6 killer bees (D:8)
  9 wights
  4 howler monkeys
  3 centaur zombies
  2 hounds (D:6)
  3 orc priests
  2 bullfrog skeletons (D:6)
  A centaur skeleton (D:6)
  Ijyb (D:5)
  An iguana (D:6)
  3 orc wizards
  2 killer bee zombies
  A howler monkey skeleton (D:7)
  4 adders
  A shadow imp (D:5)
  A white imp (D:7)
  An ufetubus (D:5)
  3 dart slugs
  25 orcs
  6 bats
  4 endoplasms
  3 giant cockroaches
  8 goblins
  10 hobgoblins
  4 jackals (D:1)
  A quokka (D:2)
  3 ball pythons
  5 frilled lizards
  10 kobolds
  A rat (D:1)
151 creatures vanquished.

Notes
Turn   | Place    | Note
-------+----------+-------------------------------------------
     0 | D:1      | zeram the Octopode Brigand began the quest for the Orb.
     0 | D:1      | Reached XP level 1. HP: 14/14 MP: 1/1
    53 | D:1      | Reached XP level 2. HP: 19/19 MP: 2/2
   523 | D:1      | Found a faded altar of an unknown god.
   662 | D:1      | Reached XP level 3. HP: 1/24 MP: 3/3
  2261 | D:3      | Reached XP level 4. HP: 30/30 MP: 4/4
  2734 | D:3      | Learned a level 2 spell: Passwall
  2809 | D:3      | Noticed Sigmund
  2819 | D:3      | Killed Sigmund
  2820 | D:3      | Reached skill level 3 in Short Blades
  2820 | D:3      | Reached XP level 5. HP: 11/36 MP: 5/5
  2820 | D:3      | Reached XP level 6. HP: 12/42 MP: 6/6
  2825 | D:3      | Learned a level 3 spell: Swiftness
  3659 | D:4      | Reached skill level 4 in Short Blades
  3717 | D:4      | Found a shimmering altar of Xom.
  3835 | D:5      | Entered Level 5 of the Dungeon
  3835 | D:5      | Noticed a black bear
  3843 | D:5      | Killed a black bear
  4075 | D:5      | Noticed Prince Ribbit
  4090 | D:5      | Killed Prince Ribbit
  4091 | D:5      | Reached skill level 5 in Short Blades
  4091 | D:5      | Reached XP level 7. HP: 40/48 MP: 7/7
  4402 | D:5      | Found a staircase to the Ecumenical Temple.
  4413 | D:5      | Found a glowing silver altar of Zin.
  4717 | D:5      | Noticed Ijyb
  4724 | D:5      | Killed Ijyb
  4725 | D:5      | Reached skill level 6 in Short Blades
  5026 | D:5      | Reached XP level 8. HP: 54/54 MP: 8/8
  5072 | Temple   | Entered the Ecumenical Temple
  5144 | Temple   | Became a worshipper of Gozag Ym Sagoz the Greedy
  5209 | D:5      | Noticed Duvessa
  5209 | D:5      | Noticed Dowan
  5215 | D:5      | Killed Duvessa
  5229 | D:5      | Killed Dowan
  5230 | D:5      | Reached skill level 7 in Short Blades
  5531 | D:6      | Found the brooch of Shielding {Spirit SH+8}
  5547 | D:6      | Noticed Grinder
  5562 | D:6      | Paralysed by Grinder for 5 turns
  5893 | D:6      | Killed Grinder
  6099 | D:6      | Noticed Pikel
  6662 | D:5      | Killed Pikel
  6663 | D:5      | Reached skill level 8 in Short Blades
  6663 | D:5      | Reached skill level 5 in Dodging
  6663 | D:5      | Reached XP level 9. HP: 14/58 MP: 9/9
  6957 | D:6      | Reached skill level 9 in Short Blades
  7336 | D:6      | Found a sparkling altar of Nemelex Xobeh.
  8466 | D:7      | Identified the +8 short sword of Ocryp {speed, rPois Str+4}
  8479 | D:7      | Reached skill level 10 in Short Blades
  8508 | D:7      | Found a blossoming altar of Fedhas.
  8509 | D:7      | Found a radiant altar of Vehumet.
  9356 | D:8      | Noticed a hornet
  9364 | D:8      | Killed a hornet
  9365 | D:8      | Reached XP level 10. HP: 54/63 MP: 10/10
  9471 | D:8      | Reached skill level 1 in Shields
  9494 | D:8      | Found Weuk's Magic Scroll Shop.
  9567 | D:8      | Reached skill level 11 in Short Blades
  9793 | D:8      | Found Epuagron's Book Shop.
 10055 | D:8      | Noticed Maurice
 10065 | D:8      | HP: 3/94 [acid (5)]
 10070 | D:8      | Killed from afar by Maurice

Illustrated notes

Levels and vault maps discovered:
D:1:      ebering_trefoil_3fold, layout_basic, chequers_ecumenical_altar_island,
          minmay_tromino_mix6
D:2:      layout_basic
D:3:      layout_basic, supply_closet_lemuel, kennysheep_generic_room_10,
          uniq_sigmund
D:4:      layout_basic, marbit_many_paths
D:5:      layout_basic, nicolae_overflow_crystal_walls,
          minmay_temple_entry_statues, uniq_prince_ribbit1, uniq_duvessa,
          uniq_ijyb
D:6:      minmay_general_purpose_star, layout_layer_cave,
          nemelex_spade_bored_becter, uniq_pikel, uniq_grinder
D:7:      layout_basic, grunt_temple_overflow_open, dk_noncrumbling_4
D:8:      layout_cave_pools, serial_shops, kennysheep_mini_moat,
          nicolae_shop_waterfront, nicolae_inconvenience_store,
          minmay_parallelograms, minmay_crystal_room, minmay_misc_feat_roman,
          uniq_maurice
Temple:   nicolae_temple_x_marks_the_god

Skill      XL: |  1  2  3  4  5  6  7  8  9 10 |
---------------+-------------------------------+-----
Stealth        | 6 7 |  7.2
Fighting       | 3 4 |  4.1
Short Blades   | 3 5 6 8 10 11 | 11.1
Dodging        | 2 3 5 7 |  7.9
Shields        | 1 |  1.7
Throwing       | |  2.0

Action                   |  1- 3 |  4- 6 |  7- 9 | 10-12 || total
-------------------------+-------+-------+-------+-------++-------
Melee: Dagger            |    60 |    44 |    25 |       ||   129
       Tentacles         |    12 |     6 |    46 |    17 ||    81
       Constrict         |    12 |     7 |    45 |    14 ||    78
       Short sword       |       |       |   183 |    68 ||   251
  Use: Scroll            |     4 |       |     6 |     1 ||    11
       Potion            |     1 |     4 |     3 |     6 ||    14
 Stab: Sleeping          |    15 |    19 |     9 |     1 ||    44
       Distracted        |     1 |       |       |       ||     1
Armor: Skin              |     8 |       |    10 |    19 ||    37
Dodge: Dodged            |    27 |    11 |    92 |    38 ||   168
Block: Other             |       |       |    10 |    16 ||    26
       Kite shield       |       |       |       |    22 ||    22
